[Event "Kenya Olympiad Qualifiers (W)"]
[Site "followchess.com"]
[Date "2020.02.23"]
[Round "5"]
[White "Madelta Glenda"]
[Black "Mongeli, Sasha"]
[Result "1-0"]
[WhiteElo "1423"]
[BlackElo "1534"]
[ECO "D02"]
[WhiteFed "KEN"]
[BlackFed "KEN"]
[FCGameId "-279292566"]
[WhiteFideId "10814949"]
[BlackFideId "10809090"]
[TimeControl "5400+30"]

1. d4 Nf6 2. Nf3 d5 3. Bf4 c5 4. e3 a6 5. Nbd2 Nc6 6. Bd3 e6 7. c3 Bd6 8. Ne5 b5 9. Nxc6 Qc7 10. Ne5 c4 11. Bc2 Bb7 12. Ndf3 h6 13. Qe2 O-O-O 14. a4 Ne4 15. axb5 axb5 16. Nd2 g5 17. Bg3 Nxg3 18. hxg3 Bxe5 19. dxe5 Qxe5 20. Qh5 d4 21. cxd4 Rxd4 22. Nf3 Bxf3 23. Qxf3 Rd7 24. O-O Kd8 25. Rfd1 Rxd1+ 26. Qxd1+ Ke7 27. Ra7+ Kf8 28. Ra8+ Kg7 29. Rxh8 Kxh8 30. Qd4 Qxd4 31. exd4 Kg7 32. Kf1 Kf6 33. Ke2 Ke7 34. Ke3 Kd6 35. g4 f6 36. b3 Kd5 37. Be4+ Kd6 38. b4 e5 39. d5 Kc7 40. g3 Kd6 41. f4 Ke7 42. fxe5 fxe5 43. Bc2 Kd6 44. Ke4 c3 45. Bd3 Ke7 46. Kxe5 Kd7 47. Bxb5+ Ke7 48. d6+ Kd8 49. Ba4 Kc8 50. d7+ Kc7 51. Ke6 c2 52. Bxc2 Kd8 53. Bg6 h5 54. Bxh5 Kc7 55. Ke7 Kc6 56. d8=Q Kb5 57. Qd4 Ka6 58. Bg6 Kb5 59. Be4 Ka4 60. Bc2+ Ka3 61. Qc3+ Ka2 62. Qb3+ Ka1 63. Qb1# {-error} 1-0

[Event "Kenya Olympiad Qualifiers (W)"]
[Site "followchess.com"]
[Date "2020.02.23"]
[Round "5"]
[White "Ngima, Cheryl"]
[Black "Mwikali, Daphne"]
[Result "1/2-1/2"]
[WhiteElo "1362"]
[BlackElo "1537"]
[ECO "B08"]
[WhiteFed "KEN"]
[BlackFed "KEN"]
[FCGameId "-2099480981"]
[WhiteFideId "10808973"]
[BlackFideId "10802274"]
[TimeControl "5400+30"]

1. e4 d6 2. Nf3 Nf6 3. Nc3 g6 4. d4 Bg7 5. Bd3 Nc6 6. h3 e5 7. Ne2 exd4 8. Nexd4 Nxd4 9. Nxd4 Nd7 10. c3 Nc5 11. 
Bc2 Qe7 12. O-O O-O 13. f3 a6 14. Bf4 Qh4 15. Ne2 Ne6 16. Bg3 Qh5 17. Nf4 Qg5 18. Nxe6 Bxe6 19. Kh2 Qb5 20. Bb3 Rae8 21. Ba4 Qxb2 22. Bxe8 Rxe8 23. Qc1 Qxc3 
24. Qxc3 Bxc3 25. Rac1 Ba5 26. Rc2 Bd7 27. Be1 Bb5 28. Bxa5 Bxf1 29. Rxc7 Re6 30. Rxb7 f5 31. Kg1 Bb5 32. exf5 gxf5 33. Bb4 d5 34. Re7 Rxe7 35. Bxe7 Kf7 36. Bc5 Ke6 37. Bd4 Bc4 38. a3 Kf7 39. f4 Ke6 40. Kf2 Kf7 41. g4 Kg6 42. g5 Kh5 43. Kg3 Be2 1/2-1/2

[Event "Kenya Olympiad Qualifiers (W)"]
[Site "followchess.com"]
[Date "2020.02.23"]
[Round "5"]
[White "Mutisya, Jully"]
[Black "Gosrani, Naiya"]
[Result "0-1"]
[WhiteElo "1270"]
[BlackElo "1359"]
[ECO "B43"]
[WhiteFed "KEN"]
[BlackFed "KEN"]
[FCGameId "-119102477"]
[WhiteFideId "10814922"]
[BlackFideId "10805397"]
[TimeControl "5400+30"]

1. e4 c5 2. Nf3 e6 3. d4 cxd4 4. Nxd4 a6 5. Nc3 Qc7 6. Be2 Nf6 7. O-O Nc6 8. Nxc6 bxc6 9. Be3 d5 10. exd5 cxd5 11. Qd2 Bd6 12. h3 O-O 13. Bf3 Bb7 14. a3 Rfd8 15. Ne2 Rac8 16. c3 Nd7 17. Rac1 Ne5 18. Nd4 Nc4 19. Qe2 Nxe3 20. Qxe3 Bf4 21. Nxe6 fxe6 22. Qxe6+ Qf7 23. Qxf7+ Kxf7 24. Rcd1 a5 25. Rfe1 Re8 26. Rxe8 Rxe8 27. g3 Bc7 28. Bxd5+ Bxd5 29. Rxd5 Rd8 30. Rxd8 Bxd8 31. a4 Ke6 32. Kf1 Kd5 33. Ke2 Kc4 34. Kd2 Kb3 35. Kc1 Bb6 36. f3 Be3+ 37. Kb1 h5 38. g4 hxg4 39. fxg4 g5 40. Ka1 Bc1 41. Kb1 Bxb2 42. c4 Bd4 43. Kc1 Kxa4 44. Kc2 Kb4 45. Kd3 Kc5 46. Ke4 Kxc4 47. Kf5 Be3 48. h4 gxh4 49. g5 Bxg5 50. Kxg5 h3 51. Kf5 h2 52. Ke4 h1=Q+ 53. Ke5 Qd5+ 54. Kf4 Qe6 55. Kf3 Qe5 56. Kf2 Qe4 57. Kg3 Qf5 58. Kg2 Qf4 59. Kh3 Qg5 60. Kh2 Qg4 61. Kh1 Kd3 62. Kh2 Ke3 63. Kh1 Kf2 64. Kh2 Qg2# 0-1

[Event "Kenya Olympiad Qualifiers (W)"]
[Site "followchess.com"]
[Date "2020.02.23"]
[Round "5"]
[White "Obondo, Cynthia Awino"]
[Black "Wanjiru, Lucy"]
[Result "0-1"]
[WhiteElo "1234"]
[BlackElo "1614"]
[ECO "A11"]
[WhiteFed "KEN"]
[BlackFed "KEN"]
[FCGameId "509362244"]
[WhiteFideId "10814981"]
[BlackFideId "10808590"]
[TimeControl "5400+30"]

1. c4 c6 2. g3 d5 3. Bg2 Bf5 4. Nf3 e6 5. O-O Nf6 6. d4 Be7 7. Bg5 O-O 8. Nbd2 h6 9. Bxf6 Bxf6 10. Rc1 Nd7 11. e3 Qb6 12. b3 Be7 13. c5 Qc7 14. Ne1 e5 15. e4 dxe4 16. Nxe4 exd4 17. Qxd4 Rad8 18. Qe3 Rfe8 19. b4 Bxe4 20. Bxe4 Kf8 21. f4 Bxc5 22. bxc5 f5 23. Rc4 Nf6 24. Nf3 Rxe4 25. Rxe4 Nxe4 26. Ne5 Qa5 27. Qb3 Qxc5+ 28. Kh1 Qd5 29. Qxb7 Nf2+ 30. Kg1 Nh3# 0-1

[Event "Kenya Olympiad Qualifiers (W)"]
[Site "followchess.com"]
[Date "2020.02.22"]
[Round "3"]
[White "Mongeli, Sasha"]
[Black "Gosrani, Naiya"]
[Result "1-0"]
[WhiteElo "1534"]
[BlackElo "1359"]
[ECO "C70"]
[WhiteFed "KEN"]
[BlackFed "KEN"]
[FCGameId "-654897831"]
[WhiteFideId "10809090"]
[BlackFideId "10805397"]
[TimeControl "5400+30"]

1. e4 e5 2. Nf3 Nc6 3. Bb5 a6 4. Ba4 b5 5. Bb3 Nf6 6. d3 Bc5 7. O-O O-O 8. c3 Ba7 9. a4 h6 10. axb5 axb5 11. Be3 d6 12. h3 Bd7 13. Bxa7 Rxa7 14. Na3 Ne7 15. Nc2 Rxa1 16. Qxa1 Qa8 17. Ne3 Qb7 18. Qa2 Be6 19. Ra1 Bd7 20. 
Nh4 Qc8 21. Kh2 Be6 22. Qa3 Qd7 23. Bd1 d5 24. exd5 Nexd5 25. Qc5 Nf4 26. Qxe5 
Nxd3 27. Qd4 Qxd4 28. cxd4 Nxb2 29. Be2 c6 30. Ra6 Bd7 31. Nf3 Rc8 32. Ne5 Kf8 
33. Nxd7+ Nxd7 34. Bf3 c5 35. dxc5 Rxc5 36. 
Be2 Na4 37. Ra5 Nc3 38. Bd3 b4 39. Ra8+ Ke7 40. Ra7 g6 41. Rb7 Na2 42. Bb5 b3 43. Bxd7 b2 44. Ba4+ Kd6 1-0

[Event "Kenya Olympiad Qualifiers (W)"]
[Site "followchess.com"]
[Date "2020.02.22"]
[Round "3"]
[White "Mwendwa, Triza"]
[Black "Wanjiru, Lucy"]
[Result "0-1"]
[WhiteElo "1408"]
[BlackElo "1614"]
[ECO "D00"]
[WhiteFed "KEN"]
[BlackFed "KEN"]
[FCGameId "-444113400"]
[WhiteFideId "10814965"]
[BlackFideId "10808590"]
[TimeControl "5400+30"]

1. d4 d5 2. Bf4 Bf5 3. e3 Nf6 4. Nf3 e6 5. Bd3 Bg6 6. Nbd2 Bd6 7. Ne5 Bxd3 8. Nxd3 Bxf4 9. Nxf4 Nbd7 10. c3 c5 11. dxc5 Nxc5 12. Nb3 b6 13. f3 O-O 14. O-O e5 15. Nd3 Qe7 16. Nb4 Qd7 17. Qe2 a5 18. Nd3 Qc7 19. Rad1 Nxd3 20. Qxd3 e4 21. Qb5 exf3 22. Rxf3 Rfe8 23. Nd4 Re5 24. h3 Rh5 25. Ne2 d4 26. Qd3 dxc3 27. Nxc3 Re8 28. Qe2 Rhe5 29. Rd3 Rc5 30. Qd2 h6 31. a4 Qe5 32. Rd6 Re6 33. Rd8+ Re8 34. Rd6 Rxc3 35. Rdxf6 Rc4 36. R6f4 Rxf4 37. exf4 Qc5+ 38. Kh2 Qc7 39. Rc3 Qe7 40. Rd3 Qf6 41. Rd6 Re6 42. Rxe6 Qxe6 43. Qd4 Qb3 44. Qd8+ Kh7 0-1

[Event "Kenya Olympiad Qualifiers (W)"]
[Site "followchess.com"]
[Date "2020.02.22"]
[Round "3"]
[White "Madelta Glenda"]
[Black "Ndirangu, Joyce Nyaruai"]
[Result "0-1"]
[WhiteElo "1423"]
[BlackElo "1658"]
[ECO "A45"]
[WhiteFed "KEN"]
[BlackFed "KEN"]
[FCGameId "1308854462"]
[WhiteFideId "10814949"]
[BlackFideId "10802886"]
[TimeControl "5400+30"]

1. d4 Nf6 2. Nc3 e6 3. a3 c5 4. Nf3 Nc6 5. Bf4 Be7 6. e3 a6 7. dxc5 Bxc5 8. Bd6 Bxd6 9. Qxd6 Qe7 10. Qg3 b5 11. Bd3 Nh5 12. Qc7 O-O 13. g4 Nf6 14. Qg3 b4 15. Ne4 Nxe4 16. Bxe4 d5 17. Bd3 Qf6 18. Qh3 g6 19. b3 Qxa1+ 20. Ke2 Qxh1 21. a4 e5 22. e4 h5 23. Qg3 Bxg4 24. exd5 Nd4+ 
0-1

[Event "Kenya Olympiad Qualifiers (W)"]
[Site "followchess.com"]
[Date "2020.02.22"]
[Round "3"]
[White "Ngima, Cheryl"]
[Black "Ogaga Nicole Albright Shamira"]
[Result "1/2-1/2"]
[WhiteElo "1362"]
[BlackElo "1213"]
[ECO "C41"]
[WhiteFed "KEN"]
[BlackFed "KEN"]
[FCGameId "-510178934"]
[WhiteFideId "10808973"]
[BlackFideId "10813330"]
[TimeControl "5400+30"]

1. e4 d6 2. d4 Nf6 3. Nc3 Nbd7 4. Nf3 e5 5. Bc4 Be7 6. Bxf7+ Kxf7 7. Ng5+ Kg8 8. Ne6 Qe8 9. Nxc7 Qg6 10. Nxa8 Qxg2 11. Rf1 exd4 12. f3 dxc3 13. Nc7 Ne5 14. Qe2 Qh3 15. 
bxc3 Nxe4 16. Qxe4 Bh4+ 17. Rf2 Bxf2+ 18. Kxf2 Qxh2+ 19. Ke3 Qg1+ 20. Ke2 Qg2+ 
21. Ke3 Qg1+ 22. Ke2 Qg2+ 23. Ke3 Qg5+ 24. Ke2 Qg2+ 25. Ke3 1/2-1/2

[Event "Kenya Olympiad Qualifiers (W)"]
[Site "followchess.com"]
[Date "2020.02.21"]
[Round "2"]
[White "Ogaga Nicole Albright Shamira"]
[Black "Mutisya, Jully"]
[Result "1-0"]
[WhiteElo "1213"]
[BlackElo "1270"]
[ECO "B07"]
[WhiteFed "KEN"]
[BlackFed "KEN"]
[FCGameId "1302953970"]
[WhiteFideId "10813330"]
[BlackFideId "10814922"]
[TimeControl "5400+30"]

1. e4 d6 2. d4 Nf6 3. Nc3 g6 4. Bd3 Bg7 5. f3 Nc6 6. Be3 e5 7. Nge2 Nh5 8. d5 Nd4 9. Qd2 Nxe2 10. Bxe2 O-O 11. O-O-O a6 12. g4 Nf6 13. h4 h5 14. Bg5 b5 15. gxh5 gxh5 16. Rdg1 Kh7 17. Nd1 Bd7 18. Rg2 Rg8 19. Rhg1 Qe7 20. Ne3 a5 21. Bd3 b4 22. f4 Bh6 23. fxe5 Bxg5 24. Rxg5 
dxe5 25. Nf5 Bxf5 26. exf5 Rxg5 27. Qxg5 Rg8 28. Qxg8+ Nxg8 29. f6+ Kh6 30. fxe7 Nxe7 31. Bc4 f5 32. Kd2 Ng6 33. Rh1 e4 34. 
Ke3 Ne5 35. b3 Ng4+ 36. Kf4 Kg6 37. Rg1 Kf6 38. Be2 Kg6 39. Bxg4 hxg4 40. 
h5+ 1-0

[Event "Kenya Olympiad Qualifiers (W)"]
[Site "followchess.com"]
[Date "2020.02.21"]
[Round "2"]
[White "Ndirangu, Joyce Nyaruai"]
[Black "Ngima, Cheryl"]
[Result "1-0"]
[WhiteElo "1658"]
[BlackElo "1362"]
[ECO "D37"]
[WhiteFed "KEN"]
[BlackFed "KEN"]
[FCGameId "2129255439"]
[WhiteFideId "10802886"]
[BlackFideId "10808973"]
[TimeControl "5400+30"]

1. d4 d5 2. Nf3 e6 3. c4 Be7 4. Nc3 Nf6 5. Bf4 O-O 6. e3 c6 7. Be2 Nbd7 8. Rc1 Ne4 9. O-O f5 10. cxd5 exd5 11. h3 Ndf6 12. Ne5 Nxc3 13. bxc3 Be6 14. Rb1 Qc8 15. Qb3 b6 16. c4 Kh8 17. Rfc1 Qb7 18. a4 dxc4 19. Bxc4 Nd5 20. a5 Nxf4 21. exf4 Bxc4 22. Qxc4 c5 23. dxc5 Bxc5 24. Qxc5 1-0

[Event "Kenya Olympiad Qualifiers (W)"]
[Site "followchess.com"]
[Date "2020.02.21"]
[Round "2"]
[White "Wanjiru, Lucy"]
[Black "Madelta Glenda"]
[Result "1-0"]
[WhiteElo "1614"]
[BlackElo "1423"]
[ECO "C01"]
[WhiteFed "KEN"]
[BlackFed "KEN"]
[FCGameId "1763754189"]
[WhiteFideId "10808590"]
[BlackFideId "10814949"]
[TimeControl "5400+30"]

1. e4 e6 2. d4 d5 3. Bd3 c5 4. exd5 Qxd5 5. Nf3 Nf6 6. Nc3 Qd8 7. O-O a6 8. dxc5 Bxc5 9. Qe2 O-O 10. Be3 Bd6 11. Rad1 Qc7 12. h3 Nbd7 13. Kh1 b5 14. Bxb5 axb5 15. Nxb5 Qa5 16. Nxd6 Ba6 17. c4 Qxa2 18. Qc2 Rfb8 19. Rb1 h6 20. Rfc1 Qb3 21. Qxb3 Rxb3 22. Nd4 Rb6 23. N4b5 Rc6 24. b3 Bxb5 25. Nxb5 Rb8 26. Na7 Rc7 27. Nb5 Rc6 28. Ra1 g5 29. Ra5 e5 30. b4 Nb6 31. Na3 Rbc8 32. Ra6 Nbd7 33. Rxc6 Rxc6 34. b5 Rc8 35. f3 Ra8 36. Nc2 Ne8 37. c5 Nc7 38. c6 Nb8 39. b6 Nd5 40. c7 1-0

[Event "Kenya Olympiad Qualifiers (W)"]
[Site "followchess.com"]
[Date "2020.02.21"]
[Round "2"]
[White "Gosrani, Naiya"]
[Black "Mwendwa, Triza"]
[Result "1-0"]
[WhiteElo "1359"]
[BlackElo "1408"]
[ECO "C10"]
[WhiteFed "KEN"]
[BlackFed "KEN"]
[FCGameId "908162159"]
[WhiteFideId "10805397"]
[BlackFideId "10814965"]
[TimeControl "5400+30"]

1. e4 e6 2. d4 d5 3. Nc3 c5 4. exd5 exd5 5. dxc5 d4 6. Bb5+ Nc6 7. Bxc6+ bxc6 8. Nce2 Bxc5 9. Nf3 Bb4+ 10. Bd2 Bxd2+ 11. Qxd2 c5 12. b4 cxb4 13. Qxb4 Ne7 14. Qxd4 O-O 15. O-O Be6 16. Qxd8 Rfxd8 17. Ned4 Bc4 18. Rfe1 Ng6 19. a3 Rd6 20. Nf5 Rd7 21. h3 Rad8 22. Rab1 Be6 23. Ne3 h6 24. Rb4 Rc7 25. Reb1 Rdd7 26. Nd4 Bd5 27. Nxd5 Rxd5 28. Rd1 Rxc2 29. Ra4 Rc7 30. Rb1 Rcc5 31. Rbb4 Ra5 32. Nc6 Rxa4 33. Rxa4 Rd1+ 34. Kh2 Rd2 35. Kg3 Kf8 36. Rxa7 Ke8 37. a4 Re2 38. a5 Ne5 39. Re7+ Kf8 40. Rxe5 Ra2 41. Re7 Rxa5 42. Nxa5 Kxe7 43. Nc6+ Ke6 44. Kf4 f6 45. Nd4+ Kf7 46. h4 g6 47. g4 Ke7 48. f3 Kf7 49. Ke4 Ke7 50. f4 Kf7 51. f5 g5 52. hxg5 hxg5 53. Ne6 Ke7 54. Nxg5 fxg5 55. Ke5 Kf7 56. f6 Kg6 57. Ke6 Kh7 58. Ke7 Kg6 59. f7 Kh7 60. f8=Q Kg6 61. Qf5+ Kh6 62. Qf8+ Kg6 63. Qf7+ Kh6 64. Qh5+ Kg7 65. Qxg5+ Kh7 66. Kf7 Kh8 67. Qg7# 1-0